Staline vs Senators
Created - 4 février 2014 at 19:03
Goals
|
| Staline |
1 |
2 |
1 |
4 |
| Senators |
0 |
2 |
1 |
3 |
|
Shots
|
| Staline |
8 |
10 |
9 |
27 |
| Senators |
6 |
19 |
6 |
31 |
|
1st period
1. Staline , Damien Brunner 15 (Brandon Prust, J.T. Wyman) at 2:49
Penalties :
Zac Rinaldo (StJ) for Hooking (Minor) at 8:27, Ryan Parent (BIN) for Hooking (Minor) at 12:34
2nd period
2. Staline , Dave Scatchard 6 (Devin Setoguchi) at 0:06
3. Senators , Nikolai Kulemin 25 (Stanislav Chistov, Vladimir Mihalik) at 3:45
4. Senators , Josh Hennessy 23 (Nikolai Kulemin, Stanislav Chistov) at 6:22 (PP)
5. Staline , David Ullstrom 2 (Josh Gorges, J.T. Wyman) at 9:48 (PP)
Penalties :
Stu Bickel (StJ) for Interference (Minor) at 5:17, David Ullstrom (StJ) for Interference (Minor) at 7:42, Vladimir Mihalik (BIN) for Tripping (Minor) at 8:02, Vladimir Mihalik (BIN) for Tripping (Minor) at 11:38
3rd period
6. Senators , Steven Goertzen 12 (Paul Ranger, Brett Sterling) at 7:15 (PP)
7. Staline , Cam Janssen 16 (Mathieu Perreault, Josh Gorges) at 18:01
Penalties :
Tyler Cuma (StJ) for Hooking (Minor) at 5:27, Dylan Hunter (BIN) for Holding (Minor) at 11:11, J.T. Wyman (StJ) for High sticking (Minor) at 14:04, Brandon Prust (StJ) for Hooking (Minor) at 19:02
Goalie Stats
Tobias Stephan (StJ), 28 saves from 31 shots - (0,903), W, 9-6-2, 60:00 minutes
Jeff Deslauriers (BIN), 23 saves from 27 shots - (0,852), L, 22-8-5, 60:00 minutes
Players Stats for Staline
Player Name G A P +/- PIM S H SB GA TA FO MP PP MP PK MP
------------------------------------------------------------------------------------
Andrei Loktionov 0 0 0 0 0 0 2 1 0 0 4/5 12:02 2:27 0:00
Brandon Prust 0 1 1 0 2 0 0 1 0 0 0/1 14:27 3:20 1:15
Cam Janssen 1 0 1 1 0 4 2 0 0 1 0/1 16:31 0:10 2:02
Damien Brunner 1 0 1 0 0 1 2 0 0 0 0/0 14:34 2:27 2:02
Dave Scatchard 1 0 1 1 0 6 3 1 0 0 23/39 21:40 3:20 4:51
David Ullstrom 1 0 1 1 2 1 0 0 0 0 0/0 14:21 0:17 0:00
Devin Setoguchi 0 1 1 1 0 6 0 0 0 0 1/1 21:40 3:20 4:51
Greg Zanon 0 0 0 1 0 2 8 3 2 1 0/0 27:34 3:59 4:42
Harry Zolnierczyk 0 0 0 0 0 0 0 0 0 0 0/0 8:06 0:00 0:00
J.T. Wyman 0 2 2 0 2 3 2 0 2 0 0/1 9:17 0:17 0:00
James Sheppard 0 0 0 1 0 1 1 1 0 0 1/3 14:40 2:27 0:00
Josh Gorges 0 2 2 1 0 2 1 2 0 1 0/0 27:34 3:59 4:42
Mathieu Perreault 0 1 1 1 0 1 1 0 1 0 1/5 14:12 0:07 0:44
Stu Bickel 0 0 0 1 2 0 2 2 0 0 0/0 20:28 2:05 3:26
T.J. Fast 0 0 0 1 0 0 0 3 1 1 0/0 20:29 2:05 3:26
Theo Peckham 0 0 0 0 0 0 0 0 0 1 0/0 11:57 0:00 0:00
Tyler Cuma 0 0 0 0 2 0 0 0 0 0 0/0 11:56 0:00 0:00
Zac Rinaldo 0 0 0 0 2 0 0 0 0 0 2/2 8:39 0:00 0:31
Players Stats for Senators
Player Name G A P +/- PIM S H SB GA TA FO MP PP MP PK MP
------------------------------------------------------------------------------------
B.J. Crombeen 0 0 0 -2 0 4 2 0 2 2 5/7 22:48 3:44 3:07
Brett Sterling 0 1 1 -1 0 1 3 1 0 0 0/0 12:22 0:51 1:30
Chris Mueller 0 0 0 0 0 0 0 0 0 0 0/0 6:37 0:00 0:00
Cody Hodgson 0 0 0 -1 0 0 1 0 0 0 4/6 9:11 0:00 0:00
Dylan Hunter 0 0 0 0 2 0 1 1 0 0 0/0 7:53 0:00 0:46
Erik Karlsson 0 0 0 -1 0 0 0 2 0 0 0/0 14:03 0:00 1:44
Gilbert Brule 0 0 0 -2 0 3 1 1 0 0 14/29 22:36 3:51 2:57
Jack Skille 0 0 0 -1 0 3 2 0 0 0 0/0 10:35 0:58 0:00
Josh Hennessy 1 0 1 1 0 3 2 0 0 0 3/13 16:17 3:26 0:12
Karl Alzner 0 0 0 -1 0 2 0 0 0 0 0/0 13:25 0:00 0:35
Milan Jurcina 0 0 0 1 0 1 0 3 1 0 0/0 20:33 4:36 2:53
Niklas Hagman 0 0 0 -2 0 1 5 1 1 0 0/1 21:01 3:51 1:59
Nikolai Kulemin 1 1 2 1 0 5 2 0 0 0 0/1 18:18 3:26 1:37
Paul Ranger 0 1 1 -2 0 1 2 0 1 2 0/0 27:00 3:32 2:55
Ryan Parent 0 0 0 -2 2 2 2 2 0 1 0/0 25:56 3:32 1:47
Stanislav Chistov 0 2 2 1 0 2 1 0 0 0 0/1 16:05 3:26 0:00
Steven Goertzen 1 0 1 0 0 3 0 0 0 0 0/0 7:57 0:51 0:00
Vladimir Mihalik 0 1 1 1 4 0 1 2 0 1 0/0 19:36 4:35 2:14
3 Stars
1 - Nikolai Kulemin (BIN)
2 - Dave Scatchard (StJ)
3 - Josh Hennessy (BIN)
Power Play
Staline - 1 on 4 Attempt(s) - 25,00%
Senators - 2 on 6 Attempt(s) - 33,33%
Penalty Kill
Staline - 4 on 6 Attempt(s) - 66,67%
- Score 0 goal in Penalty Kill
Senators - 3 on 4 Attempt(s) - 75,00%
- Score 0 goal in Penalty Kill
Official
Referees : McCreary Bill and Kimmerly Greg
Linesman : Mike Cvik and Scott Driscoll
Game Notes
No Game Note
Finance
Level 1 -- Attendance: 1620 (81,00%) -- Ticket Income 56 700 $
Level 2 -- Attendance: 751 (75,10%) -- Ticket Income 11 265 $
Total Attendance: 2371 (79,03%)
Total Ticket Income: 67 965 $
Other Income: 3 398 $
Total Income: 71 363 $
Staline
5 vs 5 Forward
Center Left Wing Right Wing Time % Phy DF OF
1 Dave Scatchard James Sheppard Devin Setoguchi 40 1 2 2
2 Andrei Loktionov Brandon Prust Damien Brunner 30 1 2 2
3 Mathieu Perreault David Ullstrom Cam Janssen 20 1 2 2
4 Zac Rinaldo Harry Zolnierczyk J.T. Wyman 10 1 2 2
5 vs 5 Defense
Defense Defense Time % Phy DF OF
1 Greg Zanon Josh Gorges 40 1 2 2
2 T.J. Fast Stu Bickel 30 1 2 2
3 Tyler Cuma Theo Peckham 20 1 2 2
4 Greg Zanon Josh Gorges 10 1 2 2
PowerPlay Forward
Center Left Wing Right Wing Time % Phy DF OF
1 Dave Scatchard Brandon Prust Devin Setoguchi 60 1 2 2
2 Andrei Loktionov James Sheppard Damien Brunner 40 1 2 2
PowerPlay Defense
Defense Defense Time % Phy DF OF
1 Greg Zanon Josh Gorges 60 1 2 2
2 T.J. Fast Stu Bickel 40 1 2 2
Penalty Kill 4 Players Forward
Center Wing Time % Phy DF OF
1 Dave Scatchard Devin Setoguchi 60 1 2 2
2 Cam Janssen Damien Brunner 40 1 2 2
Penalty Kill 4 Players Defense
Defense Defense Time % Phy DF OF
1 Greg Zanon Josh Gorges 60 1 2 2
2 T.J. Fast Stu Bickel 40 1 2 2
Penalty Kill - 3 Players Forward
Forward Time % Phy DF OF
1 Dave Scatchard 60 1 2 2
2 Devin Setoguchi 40 1 2 2
Penalty Kill - 3 Players Defense
Defense Defense Time % Phy DF OF
1 Greg Zanon Josh Gorges 60 1 2 2
2 T.J. Fast Stu Bickel 40 1 2 2
4 vs 4 Forward
Center Wing Time % Phy DF OF
1 Dave Scatchard Devin Setoguchi 60 1 2 2
2 Cam Janssen Damien Brunner 40 1 2 2
4 vs 4 Defense
Defense Defense Time % Phy DF OF
1 Greg Zanon Josh Gorges 60 1 2 2
2 T.J. Fast Stu Bickel 40 1 2 2
Last Minutes Offensive
Center Left Wing Right Wing Defense Defense
Dave Scatchard Brandon Prust Devin Setoguchi Greg Zanon Josh Gorges
Last Minutes Defensive
Center Left Wing Right Wing Defense Defense
Dave Scatchard Brandon Prust Devin Setoguchi Greg Zanon Josh Gorges
Goaltenders
Starting : Tobias Stephan
Backup : Erik Ersberg
Extra Forwards
Normal : J.T. Wyman, David Ullstrom, Mathieu Perreault - PP : J.T. Wyman, David Ullstrom - PK : Mathieu Perreault
Extra Defensemen
Normal : Josh Gorges, Theo Peckham, Greg Zanon - PP : Josh Gorges - PK : Theo Peckham, Greg Zanon
Penalty Shots
Dave Scatchard, Devin Setoguchi, Cam Janssen, Damien Brunner, Brandon Prust
Senators
5 vs 5 Forward
Center Left Wing Right Wing Time % Phy DF OF
1 Gilbert Brule Niklas Hagman B.J. Crombeen 40 1 2 2
2 Josh Hennessy Nikolai Kulemin Stanislav Chistov 30 1 2 2
3 Cody Hodgson Brett Sterling Jack Skille 20 1 2 2
4 Chris Mueller Dylan Hunter Steven Goertzen 10 1 2 2
5 vs 5 Defense
Defense Defense Time % Phy DF OF
1 Paul Ranger Ryan Parent 40 1 2 2
2 Vladimir Mihalik Milan Jurcina 30 1 2 2
3 Karl Alzner Erik Karlsson 20 1 2 2
4 Paul Ranger Ryan Parent 10 1 2 2
PowerPlay Forward
Center Left Wing Right Wing Time % Phy DF OF
1 Gilbert Brule Niklas Hagman B.J. Crombeen 60 1 2 2
2 Josh Hennessy Nikolai Kulemin Stanislav Chistov 40 1 2 2
PowerPlay Defense
Defense Defense Time % Phy DF OF
1 Paul Ranger Ryan Parent 60 1 2 2
2 Vladimir Mihalik Milan Jurcina 40 1 2 2
Penalty Kill 4 Players Forward
Center Wing Time % Phy DF OF
1 B.J. Crombeen Gilbert Brule 60 1 2 2
2 Niklas Hagman Nikolai Kulemin 40 1 2 2
Penalty Kill 4 Players Defense
Defense Defense Time % Phy DF OF
1 Paul Ranger Ryan Parent 60 1 2 2
2 Vladimir Mihalik Milan Jurcina 40 1 2 2
Penalty Kill - 3 Players Forward
Forward Time % Phy DF OF
1 B.J. Crombeen 60 1 2 2
2 Gilbert Brule 40 1 2 2
Penalty Kill - 3 Players Defense
Defense Defense Time % Phy DF OF
1 Paul Ranger Ryan Parent 60 1 2 2
2 Vladimir Mihalik Milan Jurcina 40 1 2 2
4 vs 4 Forward
Center Wing Time % Phy DF OF
1 B.J. Crombeen Gilbert Brule 60 1 2 2
2 Niklas Hagman Nikolai Kulemin 40 1 2 2
4 vs 4 Defense
Defense Defense Time % Phy DF OF
1 Paul Ranger Ryan Parent 60 1 2 2
2 Vladimir Mihalik Milan Jurcina 40 1 2 2
Last Minutes Offensive
Center Left Wing Right Wing Defense Defense
Gilbert Brule Niklas Hagman B.J. Crombeen Paul Ranger Ryan Parent
Last Minutes Defensive
Center Left Wing Right Wing Defense Defense
Gilbert Brule Niklas Hagman B.J. Crombeen Paul Ranger Ryan Parent
Goaltenders
Starting : Jeff Deslauriers
Backup : Jacob Markstrom
Extra Forwards
Normal : Jack Skille, Steven Goertzen, Brett Sterling - PP : Jack Skille, Steven Goertzen - PK : Brett Sterling
Extra Defensemen
Normal : Karl Alzner, Erik Karlsson, Vladimir Mihalik - PP : Karl Alzner - PK : Erik Karlsson, Vladimir Mihalik
Penalty Shots
B.J. Crombeen, Gilbert Brule, Niklas Hagman, Nikolai Kulemin, Stanislav Chistov
% Time on Ice - Staline
Lines # - Real PCT - Wanted PCT - Time Play
Normal Forward
1 - 29% - 40% - 12:54
2 - 22% - 30% - 9:35
3 - 30% - 20% - 13:18
4 - 18% - 10% - 8:06
Normal Defense
1 - 38% - 40% - 16:33
2 - 34% - 30% - 14:43
3 - 27% - 20% - 11:57
4 - 2% - 10% - 0:40
PP Forward
1 - 60% - 60% - 3:37
2 - 40% - 40% - 2:27
PP Defense
1 - 66% - 60% - 3:59
2 - 34% - 40% - 2:05
PK Forward
1 - 75% - 60% - 6:06
2 - 25% - 40% - 2:02
PK Defense
1 - 58% - 60% - 4:42
2 - 42% - 40% - 3:26
PK3 Forward
1 - 0% - 60%
2 - 0% - 40%
PK3 Defense
1 - 0% - 60%
2 - 0% - 40%
44 Forward
1 - 70% - 60% - 1:09
2 - 30% - 40% - 0:30
44 Defense
1 - 85% - 60% - 1:24
2 - 15% - 40% - 0:15
Last Minute Offensive - 0:00
Last Minute Defensive - 0:16
Total
Forward - 60:00
Defense - 60:00
|
% Time on Ice - Senators
Lines # - Real PCT - Wanted PCT - Time Play
Normal Forward
1 - 34% - 40% - 14:49
2 - 30% - 30% - 13:15
3 - 21% - 20% - 9:11
4 - 15% - 10% - 6:37
Normal Defense
1 - 42% - 40% - 18:19
2 - 28% - 30% - 12:20
3 - 28% - 20% - 12:06
4 - 3% - 10% - 1:07
PP Forward
1 - 47% - 60% - 3:51
2 - 53% - 40% - 4:17
PP Defense
1 - 43% - 60% - 3:32
2 - 57% - 40% - 4:36
PK Forward
1 - 73% - 60% - 4:27
2 - 27% - 40% - 1:37
PK Defense
1 - 52% - 60% - 3:11
2 - 48% - 40% - 2:53
PK3 Forward
1 - 0% - 60%
2 - 0% - 40%
PK3 Defense
1 - 0% - 60%
2 - 0% - 40%
44 Forward
1 - 69% - 60% - 1:08
2 - 31% - 40% - 0:31
44 Defense
1 - 56% - 60% - 0:55
2 - 44% - 40% - 0:44
Last Minute Offensive - 0:17
Last Minute Defensive - 0:00
Total
Forward - 60:00
Defense - 60:00
|
Play by Play
1st period
0:01 of 1st period - Gilbert Brule wins face-off versus James Sheppard in neutral zone.
0:14 of 1st period - Snap shot by Dave Scatchard.
0:14 of 1st period - Deflect By James Sheppard.
0:14 of 1st period - Stopped by Jeff Deslauriers without a rebound.
0:15 of 1st period - Andrei Loktionov wins face-off versus Josh Hennessy in Senators zone.
0:30 of 1st period - T.J. Fast is hit by Vladimir Mihalik and loses puck.
0:48 of 1st period - Slapshot by Jack Skille.
0:48 of 1st period - Shot Misses the Net.
0:50 of 1st period - Slapshot by Vladimir Mihalik.
0:50 of 1st period - Deflect By Jack Skille.
0:50 of 1st period - Deflect By T.J. Fast.
0:50 of 1st period - Shot Misses the Net.
0:50 of 1st period - Puck is out of play.
0:51 of 1st period - Gilbert Brule wins face-off versus Dave Scatchard in Staline zone.
1:41 of 1st period - Theo Peckham is hit by Paul Ranger and loses puck.
2:21 of 1st period - Josh Gorges is hit by Brett Sterling and loses puck.
2:33 of 1st period - Icing by Ryan Parent.
2:34 of 1st period - Zac Rinaldo wins face-off versus Cody Hodgson in Senators zone.
2:49 of 1st period - Snap shot by Damien Brunner.
2:49 of 1st period - Goal by Damien Brunner - Staline : 1 - Senators : 0.
2:50 of 1st period - Dave Scatchard wins face-off versus Josh Hennessy in neutral zone.
2:55 of 1st period - Snap shot by Dave Scatchard.
2:55 of 1st period - Stopped by Jeff Deslauriers with a rebound.
2:57 of 1st period - Snap shot by Greg Zanon.
2:57 of 1st period - Shot Misses the Net.
3:28 of 1st period - Wrist shot by Josh Hennessy.
3:28 of 1st period - Shot Blocked by T.J. Fast.
3:42 of 1st period - Wrist shot by Mathieu Perreault.
3:42 of 1st period - Stopped by Jeff Deslauriers with a rebound.
4:22 of 1st period - Wrist shot by Brett Sterling.
4:22 of 1st period - Stopped by Tobias Stephan with a rebound.
4:24 of 1st period - Snap shot by Jack Skille.
4:24 of 1st period - Shot Hit the Post.
4:40 of 1st period - Snap shot by Gilbert Brule.
4:40 of 1st period - Stopped by Tobias Stephan with a rebound.
4:42 of 1st period - Slapshot by Milan Jurcina.
4:42 of 1st period - Shot Hit the Post.
5:40 of 1st period - Snap shot by Stanislav Chistov.
5:40 of 1st period - Shot Blocked by T.J. Fast.
5:42 of 1st period - Snap shot by Stanislav Chistov.
5:42 of 1st period - Shot Misses the Net.
6:03 of 1st period - Wrist shot by Andrei Loktionov.
6:03 of 1st period - Shot Blocked by Erik Karlsson.
6:23 of 1st period - Paul Ranger is hit by Greg Zanon.
6:27 of 1st period - Cam Janssen is hit by B.J. Crombeen.
6:47 of 1st period - Slapshot by J.T. Wyman.
6:47 of 1st period - Shot Misses the Net.
7:07 of 1st period - Wrist shot by Devin Setoguchi.
7:07 of 1st period - Stopped by Jeff Deslauriers without a rebound.
7:08 of 1st period - Andrei Loktionov wins face-off versus Gilbert Brule in Senators zone.
8:03 of 1st period - Wrist shot by Cody Hodgson.
8:03 of 1st period - Shot Misses the Net.
8:21 of 1st period - Slapshot by Steven Goertzen.
8:21 of 1st period - Shot Misses the Net.
8:27 of 1st period - Minor Penalty to Zac Rinaldo for Hooking.
8:28 of 1st period - Dave Scatchard wins face-off versus Gilbert Brule in Staline zone.
8:41 of 1st period - Snap shot by B.J. Crombeen.
8:41 of 1st period - Deflect By Josh Gorges.
8:41 of 1st period - Stopped by Tobias Stephan with a rebound.
10:27 of 1st period - Penalty to Zac Rinaldo is over, Zac Rinaldo is back on ice.
11:16 of 1st period - Off-side.
11:17 of 1st period - B.J. Crombeen wins face-off versus Cam Janssen in neutral zone.
11:44 of 1st period - Slapshot by Steven Goertzen.
11:44 of 1st period - Stopped by Tobias Stephan with a rebound.
12:08 of 1st period - Snap shot by Jack Skille.
12:08 of 1st period - Stopped by Tobias Stephan with a rebound.
12:10 of 1st period - Slapshot by Karl Alzner.
12:10 of 1st period - Deflect By Jack Skille.
12:10 of 1st period - Stopped by Tobias Stephan without a rebound.
12:11 of 1st period - Gilbert Brule wins face-off versus Dave Scatchard in Staline zone.
12:12 of 1st period - Slapshot by B.J. Crombeen.
12:12 of 1st period - Shot Blocked by Dave Scatchard.
12:19 of 1st period - Off-side.
12:20 of 1st period - James Sheppard wins face-off versus Gilbert Brule in neutral zone.
12:23 of 1st period - Slapshot by Devin Setoguchi.
12:23 of 1st period - Shot Blocked by Milan Jurcina.
12:25 of 1st period - Snap shot by Dave Scatchard.
12:25 of 1st period - Stopped by Jeff Deslauriers with a rebound.
12:27 of 1st period - Wrist shot by Devin Setoguchi.
12:27 of 1st period - Stopped by Jeff Deslauriers with a rebound.
12:29 of 1st period - Wrist shot by Devin Setoguchi.
12:29 of 1st period - Shot Blocked by Niklas Hagman.
12:31 of 1st period - Backhand shot by Devin Setoguchi.
12:31 of 1st period - Deflect By James Sheppard.
12:31 of 1st period - Shot Misses the Net.
12:31 of 1st period - Puck is out of play.
12:32 of 1st period - Gilbert Brule wins face-off versus Dave Scatchard in Senators zone.
12:34 of 1st period - Minor Penalty to Ryan Parent for Hooking.
12:35 of 1st period - Dave Scatchard wins face-off versus Gilbert Brule in Senators zone.
14:29 of 1st period - Josh Gorges is hit by Niklas Hagman and loses puck.
14:34 of 1st period - Penalty to Ryan Parent is over, Ryan Parent is back on ice.
15:17 of 1st period - Theo Peckham is hit by Brett Sterling and loses puck.
15:42 of 1st period - Snap shot by J.T. Wyman.
15:42 of 1st period - Deflect By Harry Zolnierczyk.
15:42 of 1st period - Shot Blocked by Brett Sterling.
15:42 of 1st period - Puck is out of play.
15:43 of 1st period - Gilbert Brule wins face-off versus Mathieu Perreault in Senators zone.
16:10 of 1st period - Josh Hennessy is hit by Damien Brunner and loses puck.
16:46 of 1st period - Icing by Gilbert Brule.
16:47 of 1st period - Gilbert Brule wins face-off versus Mathieu Perreault in Senators zone.
16:47 of 1st period - Gilbert Brule is hit by Greg Zanon.
16:54 of 1st period - Slapshot by Ryan Parent.
16:54 of 1st period - Shot Misses the Net.
16:57 of 1st period - Icing by Greg Zanon.
16:58 of 1st period - Gilbert Brule wins face-off versus Mathieu Perreault in Staline zone.
19:33 of 1st period - Slapshot by Josh Gorges.
19:33 of 1st period - Shot Misses the Net.
19:35 of 1st period - Wrist shot by J.T. Wyman.
19:35 of 1st period - Stopped by Jeff Deslauriers with a rebound.
Goals for this period are 1 for Staline vs 0 for Senators.
Shots for this period are 8 for Staline vs 6 for Senators.
2nd period
0:01 of 2nd period - Dave Scatchard wins face-off versus Gilbert Brule in neutral zone.
0:06 of 2nd period - Wrist shot by Dave Scatchard.
0:06 of 2nd period - Goal by Dave Scatchard - Staline : 2 - Senators : 0.
0:07 of 2nd period - Gilbert Brule wins face-off versus Dave Scatchard in neutral zone.
0:36 of 2nd period - Snap shot by Damien Brunner.
0:36 of 2nd period - Shot Blocked by Ryan Parent.
0:59 of 2nd period - T.J. Fast is hit by Jack Skille and loses puck.
1:57 of 2nd period - Brandon Prust is hit by Nikolai Kulemin and loses puck.
2:25 of 2nd period - Snap shot by Jack Skille.
2:25 of 2nd period - Shot Blocked by James Sheppard.
2:27 of 2nd period - Snap shot by Karl Alzner.
2:27 of 2nd period - Deflect By Devin Setoguchi.
2:27 of 2nd period - Stopped by Tobias Stephan with a rebound.
2:37 of 2nd period - Tyler Cuma is hit by Ryan Parent and loses puck.
3:02 of 2nd period - Slapshot by Ryan Parent.
3:02 of 2nd period - Stopped by Tobias Stephan with a rebound.
3:04 of 2nd period - Slapshot by Ryan Parent.
3:04 of 2nd period - Deflect By Theo Peckham.
3:04 of 2nd period - Stopped by Tobias Stephan with a rebound.
3:14 of 2nd period - Wrist shot by Nikolai Kulemin.
3:14 of 2nd period - Shot Blocked by Brandon Prust.
3:16 of 2nd period - Wrist shot by Milan Jurcina.
3:16 of 2nd period - Stopped by Tobias Stephan without a rebound.
3:17 of 2nd period - Andrei Loktionov wins face-off versus Josh Hennessy in Staline zone.
3:26 of 2nd period - Stanislav Chistov is hit by Greg Zanon and loses puck.
3:37 of 2nd period - Slapshot by Stanislav Chistov.
3:37 of 2nd period - Shot Blocked by Andrei Loktionov.
3:39 of 2nd period - Slapshot by Stanislav Chistov.
3:39 of 2nd period - Shot Blocked by Greg Zanon.
3:41 of 2nd period - Wrist shot by Josh Hennessy.
3:41 of 2nd period - Stopped by Tobias Stephan with a rebound.
3:43 of 2nd period - Slapshot by Vladimir Mihalik.
3:43 of 2nd period - Deflect By Stanislav Chistov.
3:43 of 2nd period - Stopped by Tobias Stephan with a rebound.
3:45 of 2nd period - Snap shot by Nikolai Kulemin.
3:45 of 2nd period - Goal by Nikolai Kulemin - Staline : 2 - Senators : 1.
3:46 of 2nd period - Gilbert Brule wins face-off versus Dave Scatchard in neutral zone.
3:55 of 2nd period - Wrist shot by Paul Ranger.
3:55 of 2nd period - Stopped by Tobias Stephan with a rebound.
3:57 of 2nd period - Slapshot by Paul Ranger.
3:57 of 2nd period - Deflect By Gilbert Brule.
3:57 of 2nd period - Stopped by Tobias Stephan with a rebound.
3:59 of 2nd period - Slapshot by Paul Ranger.
3:59 of 2nd period - Shot Blocked by Josh Gorges.
4:11 of 2nd period - Josh Gorges is hit by Stanislav Chistov and loses puck.
4:42 of 2nd period - Wrist shot by Steven Goertzen.
4:42 of 2nd period - Stopped by Tobias Stephan with a rebound.
4:52 of 2nd period - Wrist shot by B.J. Crombeen.
4:52 of 2nd period - Shot Misses the Net.
5:15 of 2nd period - Snap shot by Jack Skille.
5:15 of 2nd period - Shot Misses the Net.
5:17 of 2nd period - Minor Penalty to Stu Bickel for Interference.
5:18 of 2nd period - Dave Scatchard wins face-off versus Gilbert Brule in Staline zone.
5:24 of 2nd period - Icing by Gilbert Brule.
5:25 of 2nd period - Dave Scatchard wins face-off versus Gilbert Brule in Senators zone.
5:41 of 2nd period - Icing by B.J. Crombeen.
5:42 of 2nd period - Gilbert Brule wins face-off versus Dave Scatchard in Senators zone.
6:03 of 2nd period - Devin Setoguchi is hit by Niklas Hagman and loses puck.
6:22 of 2nd period - Snap shot by Josh Hennessy.
6:22 of 2nd period - Goal by Josh Hennessy - Staline : 2 - Senators : 2.
6:23 of 2nd period - Dave Scatchard wins face-off versus Gilbert Brule in neutral zone.
6:26 of 2nd period - Wrist shot by Devin Setoguchi.
6:26 of 2nd period - Shot Misses the Net.
6:28 of 2nd period - Slapshot by Greg Zanon.
6:28 of 2nd period - Stopped by Jeff Deslauriers without a rebound.
6:29 of 2nd period - Dave Scatchard wins face-off versus Gilbert Brule in Senators zone.
6:34 of 2nd period - Wrist shot by Dave Scatchard.
6:34 of 2nd period - Shot Misses the Net.
6:36 of 2nd period - Slapshot by James Sheppard.
6:36 of 2nd period - Shot Misses the Net.
6:58 of 2nd period - Wrist shot by Nikolai Kulemin.
6:58 of 2nd period - Stopped by Tobias Stephan with a rebound.
7:42 of 2nd period - Minor Penalty to David Ullstrom for Interference.
7:43 of 2nd period - Dave Scatchard wins face-off versus Gilbert Brule in Staline zone.
8:02 of 2nd period - Minor Penalty to Vladimir Mihalik for Tripping.
8:03 of 2nd period - B.J. Crombeen wins face-off versus Dave Scatchard in Senators zone.
8:09 of 2nd period - Wrist shot by Devin Setoguchi.
8:09 of 2nd period - Stopped by Jeff Deslauriers without a rebound.
8:10 of 2nd period - Dave Scatchard wins face-off versus B.J. Crombeen in Senators zone.
8:20 of 2nd period - Wrist shot by B.J. Crombeen.
8:20 of 2nd period - Shot Hit the Post.
8:22 of 2nd period - Snap shot by Paul Ranger.
8:22 of 2nd period - Shot Misses the Net.
8:24 of 2nd period - Wrist shot by B.J. Crombeen.
8:24 of 2nd period - Shot Blocked by Greg Zanon.
8:26 of 2nd period - Wrist shot by B.J. Crombeen.
8:26 of 2nd period - Stopped by Tobias Stephan with a rebound.
8:54 of 2nd period - Wrist shot by Nikolai Kulemin.
8:54 of 2nd period - Shot Misses the Net.
8:56 of 2nd period - Slapshot by Nikolai Kulemin.
8:56 of 2nd period - Stopped by Tobias Stephan without a rebound.
8:57 of 2nd period - Dave Scatchard wins face-off versus B.J. Crombeen in Staline zone.
9:30 of 2nd period - Slapshot by Cam Janssen.
9:30 of 2nd period - Stopped by Jeff Deslauriers with a rebound.
9:42 of 2nd period - Penalty to David Ullstrom is over, David Ullstrom is back on ice.
9:48 of 2nd period - Snap shot by Josh Gorges.
9:48 of 2nd period - Deflect By David Ullstrom.
9:48 of 2nd period - Goal by David Ullstrom - Staline : 3 - Senators : 2.
9:49 of 2nd period - Dave Scatchard wins face-off versus Gilbert Brule in neutral zone.
9:54 of 2nd period - Snap shot by Devin Setoguchi.
9:54 of 2nd period - Shot Blocked by Vladimir Mihalik.
10:00 of 2nd period - Slapshot by Devin Setoguchi.
10:00 of 2nd period - Stopped by Jeff Deslauriers without a rebound.
10:01 of 2nd period - Dave Scatchard wins face-off versus Gilbert Brule in Senators zone.
10:04 of 2nd period - Snap shot by Devin Setoguchi.
10:04 of 2nd period - Stopped by Jeff Deslauriers without a rebound.
10:05 of 2nd period - Gilbert Brule wins face-off versus Dave Scatchard in Senators zone.
10:12 of 2nd period - Snap shot by Niklas Hagman.
10:12 of 2nd period - Stopped by Tobias Stephan without a rebound.
10:13 of 2nd period - Gilbert Brule wins face-off versus Dave Scatchard in Staline zone.
10:20 of 2nd period - Dave Scatchard is hit by Niklas Hagman and loses puck.
10:27 of 2nd period - Milan Jurcina is hit by Dave Scatchard and loses puck.
10:40 of 2nd period - Josh Hennessy is hit by Josh Gorges and loses puck.
10:45 of 2nd period - Wrist shot by Damien Brunner.
10:45 of 2nd period - Shot Misses the Net.
10:56 of 2nd period - Icing by Theo Peckham.
10:57 of 2nd period - Cody Hodgson wins face-off versus J.T. Wyman in Staline zone.
11:09 of 2nd period - Icing by J.T. Wyman.
11:10 of 2nd period - Zac Rinaldo wins face-off versus Gilbert Brule in Staline zone.
11:10 of 2nd period - Zac Rinaldo is hit by B.J. Crombeen.
11:28 of 2nd period - Wrist shot by J.T. Wyman.
11:28 of 2nd period - Shot Misses the Net.
11:30 of 2nd period - Wrist shot by J.T. Wyman.
11:30 of 2nd period - Stopped by Jeff Deslauriers with a rebound.
11:32 of 2nd period - Snap shot by J.T. Wyman.
11:32 of 2nd period - Shot Misses the Net.
11:34 of 2nd period - Snap shot by J.T. Wyman.
11:34 of 2nd period - Stopped by Jeff Deslauriers without a rebound.
11:35 of 2nd period - Devin Setoguchi wins face-off versus Stanislav Chistov in Senators zone.
11:36 of 2nd period - Wrist shot by Dave Scatchard.
11:36 of 2nd period - Shot Misses the Net.
11:38 of 2nd period - Minor Penalty to Vladimir Mihalik for Tripping.
11:39 of 2nd period - B.J. Crombeen wins face-off versus Brandon Prust in Senators zone.
12:37 of 2nd period - Greg Zanon is hit by Niklas Hagman and loses puck.
12:52 of 2nd period - Icing by Brandon Prust.
12:53 of 2nd period - B.J. Crombeen wins face-off versus James Sheppard in Staline zone.
13:09 of 2nd period - Wrist shot by Andrei Loktionov.
13:09 of 2nd period - Shot Blocked by Ryan Parent.
13:19 of 2nd period - Josh Gorges is hit by Niklas Hagman and loses puck.
13:38 of 2nd period - Penalty to Vladimir Mihalik is over, Vladimir Mihalik is back on ice.
13:40 of 2nd period - Vladimir Mihalik is hit by Greg Zanon and loses puck.
14:19 of 2nd period - Snap shot by Stanislav Chistov.
14:19 of 2nd period - Stopped by Tobias Stephan with a rebound.
15:24 of 2nd period - Icing by Karl Alzner.
15:25 of 2nd period - Cody Hodgson wins face-off versus Dave Scatchard in Senators zone.
15:25 of 2nd period - Cody Hodgson is hit by Dave Scatchard.
16:15 of 2nd period - David Ullstrom is hit by Dylan Hunter and loses puck.
17:21 of 2nd period - Snap shot by Gilbert Brule.
17:21 of 2nd period - Stopped by Tobias Stephan with a rebound.
19:00 of 2nd period - Snap shot by Josh Gorges.
19:00 of 2nd period - Deflect By Mathieu Perreault.
19:00 of 2nd period - Shot Misses the Net.
19:00 of 2nd period - Puck is out of play.
19:01 of 2nd period - Mathieu Perreault wins face-off versus Josh Hennessy in Senators zone.
19:02 of 2nd period - Snap shot by Cam Janssen.
19:02 of 2nd period - Stopped by Jeff Deslauriers with a rebound.
19:08 of 2nd period - Cam Janssen is hit by Nikolai Kulemin and loses puck.
19:26 of 2nd period - Slapshot by Stanislav Chistov.
19:26 of 2nd period - Shot Misses the Net.
19:54 of 2nd period - Wrist shot by Stanislav Chistov.
19:54 of 2nd period - Shot Blocked by Stu Bickel.
19:56 of 2nd period - Snap shot by Karl Alzner.
19:56 of 2nd period - Stopped by Tobias Stephan with a rebound.
19:58 of 2nd period - Wrist shot by Josh Hennessy.
19:58 of 2nd period - Stopped by Tobias Stephan without a rebound.
19:59 of 2nd period - Gilbert Brule wins face-off versus Dave Scatchard in Staline zone.
Goals for this period are 2 for Staline vs 2 for Senators.
Shots for this period are 10 for Staline vs 19 for Senators.
3rd period
0:01 of 3rd period - Dave Scatchard wins face-off versus Gilbert Brule in neutral zone.
0:04 of 3rd period - B.J. Crombeen is hit by Greg Zanon and loses puck.
0:21 of 3rd period - Paul Ranger is hit by Greg Zanon and loses puck.
1:12 of 3rd period - Wrist shot by B.J. Crombeen.
1:12 of 3rd period - Stopped by Tobias Stephan with a rebound.
2:19 of 3rd period - Snap shot by Gilbert Brule.
2:19 of 3rd period - Shot Blocked by Josh Gorges.
3:33 of 3rd period - Off-side.
3:34 of 3rd period - Dave Scatchard wins face-off versus Josh Hennessy in neutral zone.
4:03 of 3rd period - Brett Sterling is hit by Andrei Loktionov and loses puck.
4:26 of 3rd period - Slapshot by J.T. Wyman.
4:26 of 3rd period - Shot Blocked by Erik Karlsson.
4:28 of 3rd period - Snap shot by J.T. Wyman.
4:28 of 3rd period - Shot Misses the Net.
4:30 of 3rd period - Slapshot by Theo Peckham.
4:30 of 3rd period - Shot Blocked by Dylan Hunter.
4:40 of 3rd period - Snap shot by Dave Scatchard.
4:40 of 3rd period - Deflect By James Sheppard.
4:40 of 3rd period - Shot Misses the Net.
4:40 of 3rd period - Puck is out of play.
4:41 of 3rd period - Dave Scatchard wins face-off versus Josh Hennessy in Senators zone.
4:42 of 3rd period - Snap shot by Devin Setoguchi.
4:42 of 3rd period - Deflect By James Sheppard.
4:42 of 3rd period - Deflect By Nikolai Kulemin.
4:42 of 3rd period - Shot Blocked by Milan Jurcina.
4:42 of 3rd period - Puck is out of play.
4:43 of 3rd period - Josh Hennessy wins face-off versus Dave Scatchard in Senators zone.
4:50 of 3rd period - Devin Setoguchi is hit by Josh Hennessy and loses puck.
4:56 of 3rd period - Off-side.
4:57 of 3rd period - Andrei Loktionov wins face-off versus Josh Hennessy in neutral zone.
5:27 of 3rd period - Minor Penalty to Tyler Cuma for Hooking.
5:28 of 3rd period - Josh Hennessy wins face-off versus Dave Scatchard in Staline zone.
5:32 of 3rd period - Snap shot by Nikolai Kulemin.
5:32 of 3rd period - Shot Misses the Net.
5:34 of 3rd period - Slapshot by Josh Hennessy.
5:34 of 3rd period - Shot Misses the Net.
5:36 of 3rd period - Slapshot by Vladimir Mihalik.
5:36 of 3rd period - Shot Misses the Net.
5:38 of 3rd period - Slapshot by Milan Jurcina.
5:38 of 3rd period - Shot Misses the Net.
5:40 of 3rd period - Wrist shot by Nikolai Kulemin.
5:40 of 3rd period - Stopped by Tobias Stephan without a rebound.
5:41 of 3rd period - Dave Scatchard wins face-off versus Josh Hennessy in Staline zone.
6:18 of 3rd period - Milan Jurcina is hit by Dave Scatchard and loses puck.
6:31 of 3rd period - Ryan Parent is hit by Cam Janssen and loses puck.
7:04 of 3rd period - T.J. Fast is hit by Brett Sterling and loses puck.
7:11 of 3rd period - Snap shot by Steven Goertzen.
7:11 of 3rd period - Shot Blocked by T.J. Fast.
7:13 of 3rd period - Wrist shot by Brett Sterling.
7:13 of 3rd period - Shot Blocked by Stu Bickel.
7:15 of 3rd period - Slapshot by Paul Ranger.
7:15 of 3rd period - Deflect By Steven Goertzen.
7:15 of 3rd period - Goal by Steven Goertzen - Staline : 3 - Senators : 3.
7:16 of 3rd period - Dave Scatchard wins face-off versus Josh Hennessy in neutral zone.
7:19 of 3rd period - Slapshot by Josh Gorges.
7:19 of 3rd period - Shot Misses the Net.
7:21 of 3rd period - Wrist shot by Dave Scatchard.
7:21 of 3rd period - Stopped by Jeff Deslauriers without a rebound.
7:22 of 3rd period - Dave Scatchard wins face-off versus Josh Hennessy in Senators zone.
7:23 of 3rd period - Slapshot by Devin Setoguchi.
7:23 of 3rd period - Stopped by Jeff Deslauriers with a rebound.
7:25 of 3rd period - Slapshot by Dave Scatchard.
7:25 of 3rd period - Stopped by Jeff Deslauriers with a rebound.
7:29 of 3rd period - Slapshot by Dave Scatchard.
7:29 of 3rd period - Stopped by Jeff Deslauriers with a rebound.
7:31 of 3rd period - Wrist shot by Dave Scatchard.
7:31 of 3rd period - Shot Misses the Net.
7:33 of 3rd period - Slapshot by Greg Zanon.
7:33 of 3rd period - Shot Misses the Net.
7:35 of 3rd period - Slapshot by Josh Gorges.
7:35 of 3rd period - Stopped by Jeff Deslauriers without a rebound.
7:36 of 3rd period - Gilbert Brule wins face-off versus Andrei Loktionov in Senators zone.
7:49 of 3rd period - Gilbert Brule is hit by Andrei Loktionov.
8:01 of 3rd period - Greg Zanon is hit by Cody Hodgson and loses puck.
8:11 of 3rd period - Icing by Vladimir Mihalik.
8:12 of 3rd period - Cody Hodgson wins face-off versus Dave Scatchard in Senators zone.
8:12 of 3rd period - Cody Hodgson is hit by Stu Bickel.
8:24 of 3rd period - Snap shot by Dave Scatchard.
8:24 of 3rd period - Shot Blocked by Vladimir Mihalik.
8:58 of 3rd period - Vladimir Mihalik is hit by J.T. Wyman and loses puck.
9:03 of 3rd period - Wrist shot by J.T. Wyman.
9:03 of 3rd period - Shot Misses the Net.
9:07 of 3rd period - Wrist shot by J.T. Wyman.
9:07 of 3rd period - Deflect By Zac Rinaldo.
9:07 of 3rd period - Shot Blocked by Milan Jurcina.
9:07 of 3rd period - Puck is out of play.
9:08 of 3rd period - Dave Scatchard wins face-off versus Nikolai Kulemin in Senators zone.
9:23 of 3rd period - Wrist shot by Dave Scatchard.
9:23 of 3rd period - Shot Misses the Net.
9:33 of 3rd period - Ryan Parent is hit by Greg Zanon and loses puck.
10:00 of 3rd period - Snap shot by Nikolai Kulemin.
10:00 of 3rd period - Stopped by Tobias Stephan with a rebound.
10:23 of 3rd period - James Sheppard is hit by Gilbert Brule.
10:47 of 3rd period - Slapshot by T.J. Fast.
10:47 of 3rd period - Shot Misses the Net.
11:01 of 3rd period - Backhand shot by Steven Goertzen.
11:01 of 3rd period - Shot Misses the Net.
11:11 of 3rd period - Minor Penalty to Dylan Hunter for Holding.
11:12 of 3rd period - B.J. Crombeen wins face-off versus Dave Scatchard in Senators zone.
11:21 of 3rd period - Slapshot by B.J. Crombeen.
11:21 of 3rd period - Stopped by Tobias Stephan with a rebound.
11:39 of 3rd period - B.J. Crombeen is hit by James Sheppard and loses puck.
12:05 of 3rd period - Nikolai Kulemin is hit by Damien Brunner and loses puck.
12:22 of 3rd period - Wrist shot by Niklas Hagman.
12:22 of 3rd period - Shot Blocked by Greg Zanon.
13:11 of 3rd period - Penalty to Dylan Hunter is over, Dylan Hunter is back on ice.
13:17 of 3rd period - Steven Goertzen is hit by J.T. Wyman and loses puck.
13:48 of 3rd period - Stanislav Chistov is hit by Stu Bickel and loses puck.
14:04 of 3rd period - Minor Penalty to J.T. Wyman for High sticking.
14:05 of 3rd period - Dave Scatchard wins face-off versus Niklas Hagman in Staline zone.
14:05 of 3rd period - Dave Scatchard is hit by Paul Ranger.
16:04 of 3rd period - Penalty to J.T. Wyman is over, J.T. Wyman is back on ice.
16:16 of 3rd period - Brandon Prust is hit by Jack Skille and loses puck.
17:46 of 3rd period - Wrist shot by Cam Janssen.
17:46 of 3rd period - Stopped by Jeff Deslauriers without a rebound.
17:47 of 3rd period - Josh Hennessy wins face-off versus Mathieu Perreault in Senators zone.
17:47 of 3rd period - Josh Hennessy is hit by Mathieu Perreault.
17:55 of 3rd period - Slapshot by Greg Zanon.
17:55 of 3rd period - Stopped by Jeff Deslauriers with a rebound.
17:57 of 3rd period - Wrist shot by Josh Gorges.
17:57 of 3rd period - Stopped by Jeff Deslauriers with a rebound.
17:59 of 3rd period - Snap shot by Mathieu Perreault.
17:59 of 3rd period - Shot Blocked by Gilbert Brule.
18:01 of 3rd period - Snap shot by Cam Janssen.
18:01 of 3rd period - Goal by Cam Janssen - Staline : 4 - Senators : 3.
18:02 of 3rd period - Dave Scatchard wins face-off versus Cody Hodgson in neutral zone.
18:04 of 3rd period - Off-side.
18:05 of 3rd period - Cody Hodgson wins face-off versus Dave Scatchard in neutral zone.
18:05 of 3rd period - Jack Skille is hit by Greg Zanon and loses puck.
18:12 of 3rd period - Snap shot by Jack Skille.
18:12 of 3rd period - Shot Hit the Post.
18:14 of 3rd period - Wrist shot by Jack Skille.
18:14 of 3rd period - Stopped by Tobias Stephan with a rebound.
18:16 of 3rd period - Wrist shot by Cody Hodgson.
18:16 of 3rd period - Shot Misses the Net.
18:37 of 3rd period - Greg Zanon is hit by Ryan Parent and loses puck.
19:02 of 3rd period - Minor Penalty to Brandon Prust for Hooking.
19:03 of 3rd period - Dave Scatchard wins face-off versus Gilbert Brule in Staline zone.
19:27 of 3rd period - Stu Bickel is hit by Josh Hennessy and loses puck.
19:56 of 3rd period - Paul Ranger is hit by Cam Janssen and loses puck.
Goals for this period are 1 for Staline vs 1 for Senators.
Shots for this period are 9 for Staline vs 6 for Senators.
Output by the SimonT Hockey Simulator (STHS) for François Prévost -- Original Page W3C XHTML 1.0 Valid